 Dungeon Sprint DCSS version 0.17-a0-1718-g72dbe4d (webtiles) character file.

12207 Kidiri the Unseen (level 11, 0/47 HPs)
             Began as a Spriggan Enchanter on Aug 26, 2015.
             Was the Champion of Dithmenos.
             Succumbed to something's poison gas
             ... in the Dungeon (Sprint III: "The Ten Rune Challenge").
             The game lasted 00:13:15 (2171 turns).

Kidiri the Unseen (Spriggan Enchanter)              Turns: 2171, Time: 00:13:15

Health: 0/47       AC:  3    Str:  4    XL:     11   Next: 59%
Magic:  26/29      EV: 33    Int: 17    God:    Dithmenos [******]
Gold:   42         SH:  0    Dex: 20    Spells: 11 memorised, 13 levels left

rFire  + . .     SeeInvis +     a - +1 dagger
rCold  + . .     Clarity  .     b - +1 robe
rNeg   . . .     SustAt   .     (shield restricted)
rPois  +         Gourm    .     (helmet restricted)
rElec  +         Spirit   .     (no cloak)
rCorr  +         Warding  .     (gloves unavailable)
rMut   .         NoTele   +     (boots unavailable)
MR     +....                    (no amulet)
Stlth  ++++++++++               (no ring)
                                (no ring)

@: lethally poisoned (0 -> -8), resistant, very slightly contaminated, wreathed
by umbra, repel missiles, invisible, very quick, somewhat resistant to hostile
enchantments, uncannily stealthy
A: unfitting armour, see invisible, herbivore 3, speed 3, slow metabolism 2
a: Shadow Step, Shadow Form, Renounce Religion


You were in the Dungeon.
You worshipped Dithmenos.
Dithmenos was exalted by your worship.
You were full.

You visited 1 branch You collected 42 gold pieces.

Inventory:

Hand weapons
 a - a +1 dagger (weapon)
Armour
 b - a +1 robe (worn)
Scrolls
 j - a scroll of blinking
 t - 2 scrolls of remove curse
Potions
 g - a potion of haste
 h - 2 potions of magic
 m - 2 potions of flight
 v - 2 potions of cure mutation
Comestibles
 c - 6 fruits
 d - a bread ration
 u - 28 royal jellies


   Skills:
 + Level 9.0 Short Blades
 * Level 15.9 Dodging
 * Level 17.2 Stealth
 * Level 13.9 Spellcasting
 + Level 5.9 Conjurations
 + Level 10.2 Hexes
 + Level 9.6 Charms
 + Level 5.5 Summonings
 + Level 9.1 Translocations
 + Level 6.8 Ice Magic
 + Level 6.1 Air Magic
 + Level 6.1 Poison Magic
 - Level 2.2 Invocations


You had 13 spell levels left.
You knew the following spells:

 Your Spells              Type           Power        Failure   Level  Hunger
a - Corona                Hex            #####..      1%          1    None
b - Ensorcelled Hibernat  Hex/Ice        #####.       1%          2    None
c - Confuse               Hex            #####...     1%          3    None
d - Tukima's Dance        Hex            #####...     1%          3    None
e - Dazzling Spray        Conj/Hex       #####...     1%          3    None
f - Magic Dart            Conj           ####         1%          1    None
g - Slow                  Hex            #####...     1%          2    None
h - Blink                 Tloc           N/A          1%          2    None
i - Call Imp              Summ           ####....     1%          2    None
j - Repel Missiles        Chrm/Air       #####.       1%          2    None
k - Mephitic Cloud        Conj/Pois/Air  ####....     1%          3    None


Dungeon Overview and Level Annotations

Branches:
Dungeon (1/1)

Altars:
Cheibriados
Dithmenos
Elyvilon
Fedhas
Gozag
Kikubaaqudgha
Makhleb
Nemelex Xobeh
Okawaru
Qazlal
Ru
Sif Muna
Trog
Vehumet
Xom
Yredelemnul
Zin
The Shining One
Jiyva
Lugonu


Innate Abilities, Weirdness & Mutations

You are tiny and cannot use many weapons and most armour.
You have supernaturally acute eyesight.
You are a herbivore.
You cover ground extremely quickly.
You need consume almost no food.


Message History

You feel sick.
Read which item? (? for menu, Esc to quit)
As you read the scroll labeled QAIG XOPLIG, it crumbles to dust.
You speak a Word of immense power!
It was a scroll of holy word.
* * * LOW HITPOINT WARNING * * *
You feel sick.
Unknown command.
There is a lethal amount of poison in your body!
There is a lethal amount of poison in your body!
* * * LOW HITPOINT WARNING * * *
You feel sick.
* * * LOW HITPOINT WARNING * * *
You feel sick.
* * * LOW HITPOINT WARNING * * *
You feel sick.
* * * LOW HITPOINT WARNING * * *
You feel sick.
* * * LOW HITPOINT WARNING * * *
You feel sick.
You die...

#.%♣♣ ♣♣♣ #+###
###'♣♣♣♣♣♣♣♣♣♣♣♣♣♣♣
♣♣♣♣%##..##≈≈≈≈≈≈..#
♣%..##.##.#≈≈≈≈≈..%#
♣♣.##.##%##'≈≈≈≈≈####+#
♣..#.##...#%≈...§§§§§#
♣♣.##.##.)#≈..+#######
♣♣.##.#####...#....))#
♣%....##%.@...#♣♣♣._)#
########+###### #####
#.♣♣ #♣.♣ ♣.♣♣ ♣♣.♣
♣§♣♣ ♣§♣ ♣§§♣


There were no monsters in sight!

Vanquished Creatures
  Maud (D)
  Snorg (D)
  2 hydras (D)
  A centaur warrior (D)
  A swamp dragon (D)
  An unseen horror (D)
  A death drake (D)
  A lindwurm (D)
  A spriggan druid (D)
  2 spiny frogs (D)
  A komodo dragon (D)
  A deep elf priest (D)
  A queen bee (D)
  A blink frog (D)
  3 wandering mushrooms (D)
  3 redbacks (D)
  A shadow (D)
  2 spriggans (D)
  A spatial vortex (D)
  A swamp drake (D)
  2 centaurs (D)
  A necrophage (D)
  An earth elemental (D)
  2 brain worms (D)
  A water elemental (D)
  32 killer bees (D)
  A jelly (D)
  A wolf (D)
  Jessica (D)
  A necromancer (D)
  A wizard (D)
  A kobold demonologist (D)
  3 humans (D)
  2 oozes (D)
  A rat (D)
78 creatures vanquished.

Vanquished Creatures (others)
  2 draconian scorchers (D)
  Nessos (D)
  2 yaktaurs (D)
  An electric eel (D)
6 creatures vanquished.

Grand Total: 84 creatures vanquished

Notes
Turn   | Place    | Note
--------------------------------------------------------------
     0 | D        | Kidiri the Spriggan Enchanter began the quest for the Orb.
     0 | D        | Reached XP level 1. HP: 9/9 MP: 5/5
     9 | D        | Reached skill level 5 in Stealth
    14 | D        | Reached XP level 2. HP: 13/13 MP: 5/7
    18 | D        | Learned a level 2 spell: Ensorcelled Hibernation
    62 | D        | Killed a yaktaur
    67 | D        | Noticed Jessica
    75 | D        | Killed Jessica
    75 | D        | Reached skill level 5 in Dodging
    75 | D        | Reached skill level 6 in Stealth
    75 | D        | Reached skill level 1 in Ice Magic
    75 | D        | Reached XP level 3. HP: 16/16 MP: 1/9
    83 | D        | Learned a level 3 spell: Confuse
    87 | D        | Learned a level 3 spell: Tukima's Dance
   149 | D        | Noticed a wolf
   150 | D        | Killed a wolf
   150 | D        | Reached skill level 7 in Stealth
   158 | D        | Reached skill level 5 in Spellcasting
   158 | D        | Reached XP level 4. HP: 21/21 MP: 9/12
   165 | D        | Learned a level 3 spell: Dazzling Spray
   168 | D        | Killed a white draconian scorcher
   184 | D        | Killed a white draconian scorcher
   185 | D        | Gained mutation: You expend magic power (3 MP) to strengthen your wands. [potion of mutation]
   185 | D        | Gained mutation: You are robust (+10% HP). [potion of mutation]
   185 | D        | Gained mutation: You are clumsy. (Dex -2) [potion of mutation]
   187 | D        | Lost mutation: You are robust (+10% HP). [potion of mutation]
   187 | D        | Gained mutation: Your magical capacity is low (-10% MP). [potion of mutation]
   187 | D        | Lost mutation: Your magical capacity is low (-10% MP). [potion of mutation]
   188 | D        | Lost mutation: You are clumsy. (Dex -2) [potion of cure mutation]
   188 | D        | Lost mutation: You expend magic power (3 MP) to strengthen your wands. [potion of cure mutation]
   200 | D        | Noticed a water elemental
   203 | D        | Killed a water elemental
   203 | D        | Reached skill level 8 in Stealth
   203 | D        | Reached skill level 5 in Hexes
   203 | D        | Reached XP level 5. HP: 24/24 MP: 12/14
   221 | D        | Noticed a jelly
   222 | D        | Noticed a shadow
   249 | D        | Killed a shadow
   249 | D        | Reached skill level 9 in Dodging
   249 | D        | Reached skill level 10 in Stealth
   249 | D        | Reached XP level 6. HP: 26/28 MP: 1/17
   362 | D        | Killed a jelly
   368 | D        | Found a stormy altar of Qazlal.
   369 | D        | Found a sacrificial altar of Ru.
   369 | D        | Found a burning altar of Makhleb.
   369 | D        | Found a viscous altar of Jiyva.
   369 | D        | Found a shimmering altar of Xom.
   369 | D        | Found a shadowy altar of Dithmenos.
   369 | D        | Found a sparkling altar of Nemelex Xobeh.
   369 | D        | Found a corrupted altar of Lugonu.
   369 | D        | Found an opulent altar of Gozag.
   369 | D        | Noticed a spatial vortex
   375 | D        | Became a worshipper of Dithmenos the Shadowed
   398 | D        | Killed a spatial vortex
   398 | D        | Reached skill level 5 in Short Blades
   398 | D        | Reached skill level 11 in Stealth
   398 | D        | Reached skill level 1 in Invocations
   524 | D        | Killed an electric eel
   607 | D        | Killed Nessos
   635 | D        | Found a radiant altar of Vehumet.
   636 | D        | Found a deep blue altar of Sif Muna.
   636 | D        | Found an ancient bone altar of Kikubaaqudgha.
   636 | D        | Noticed a wizard
   637 | D        | Killed a wizard
   642 | D        | Reached skill level 10 in Dodging
   653 | D        | Learned a level 1 spell: Magic Dart
   656 | D        | Learned a level 2 spell: Slow
   659 | D        | Learned a level 2 spell: Blink
   662 | D        | Learned a level 2 spell: Call Imp
   665 | D        | Learned a level 2 spell: Repel Missiles
   677 | D        | Found a glowing silver altar of Zin.
   678 | D        | Found a glowing golden altar of the Shining One.
   678 | D        | Found a white marble altar of Elyvilon.
   678 | D        | Noticed a deep elf priest
   681 | D        | Killed a deep elf priest
   681 | D        | Reached skill level 1 in Summonings
   681 | D        | Reached skill level 1 in Air Magic
   681 | D        | Reached XP level 7. HP: 32/32 MP: 18/20
   697 | D        | Found an iron altar of Okawaru.
   698 | D        | Found a bloodstained altar of Trog.
   698 | D        | Noticed a human
   698 | D        | Noticed a human
   700 | D        | Killed a human
   700 | D        | Reached skill level 12 in Stealth
   701 | D        | Killed a human
   716 | D        | Found a snail-covered altar of Cheibriados.
   716 | D        | Noticed a necrophage
   717 | D        | Found a basalt altar of Yredelemnul.
   717 | D        | Found a blossoming altar of Fedhas.
   717 | D        | Noticed a necromancer
   718 | D        | Killed a necrophage
   718 | D        | Acquired Dithmenos's first power
   718 | D        | Reached XP level 8. HP: 36/36 MP: 20/22
   719 | D        | Killed a necromancer
   731 | D        | Learned a level 3 spell: Mephitic Cloud
   777 | D        | Noticed Snorg
   801 | D        | Killed Snorg
   801 | D        | Reached skill level 13 in Stealth
   801 | D        | Reached skill level 10 in Spellcasting
   907 | D        | Noticed an earth elemental
   973 | D        | Killed an earth elemental
  1014 | D        | Noticed a centaur
  1014 | D        | Noticed a centaur warrior
  1014 | D        | Noticed a centaur
  1016 | D        | Killed a centaur
  1016 | D        | Reached skill level 5 in Charms
  1016 | D        | Reached skill level 5 in Translocations
  1016 | D        | Reached XP level 9. HP: 39/39 MP: 11/24
  1018 | D        | Killed a centaur warrior
  1018 | D        | Acquired Dithmenos's second power
  1018 | D        | Reached skill level 14 in Stealth
  1018 | D        | Reached skill level 5 in Ice Magic
  1019 | D        | Killed a centaur
  1026 | D        | Killed a yaktaur
  1035 | D        | Noticed an unseen horror
  1037 | D        | Killed an unseen horror
  1047 | D        | Noticed a killer bee
  1047 | D        | Noticed a killer bee
  1047 | D        | Noticed a killer bee
  1047 | D        | Noticed a killer bee
  1047 | D        | Noticed a killer bee
  1047 | D        | Noticed a killer bee
  1047 | D        | Noticed a killer bee
  1047 | D        | Noticed a killer bee
  1047 | D        | Noticed a killer bee
  1047 | D        | Noticed a killer bee
  1047 | D        | Noticed a killer bee
  1047 | D        | Noticed a killer bee
  1047 | D        | Noticed a killer bee
  1047 | D        | Noticed a killer bee
  1047 | D        | Noticed a killer bee
  1048 | D        | Noticed a killer bee
  1048 | D        | Noticed a killer bee
  1048 | D        | Noticed a killer bee
  1048 | D        | Noticed a queen bee
  1048 | D        | Noticed a killer bee
  1048 | D        | Noticed a killer bee
  1048 | D        | Noticed a killer bee
  1048 | D        | Noticed a killer bee
  1048 | D        | Noticed a killer bee
  1048 | D        | Noticed a killer bee
  1048 | D        | Noticed a killer bee
  1048 | D        | Noticed a killer bee
  1048 | D        | Noticed a killer bee
  1048 | D        | Noticed a killer bee
  1048 | D        | Noticed a killer bee
  1048 | D        | Noticed a killer bee
  1048 | D        | Noticed a killer bee
  1048 | D        | Noticed a killer bee
  1054 | D        | Killed a killer bee
  1056 | D        | Killed a killer bee
  1058 | D        | Killed a killer bee
  1058 | D        | Acquired Dithmenos's third power
  1063 | D        | Killed a killer bee
  1276 | D        | Killed a killer bee
  1279 | D        | Killed a killer bee
  1281 | D        | Killed a killer bee
  1283 | D        | Killed a killer bee
  1285 | D        | Killed a killer bee
  1287 | D        | Killed a killer bee
  1287 | D        | Acquired Dithmenos's fourth power
  1289 | D        | Killed a killer bee
  1293 | D        | Killed a killer bee
  1295 | D        | Killed a killer bee
  1295 | D        | Reached XP level 10. HP: 37/44 MP: 6/26
  1298 | D        | Killed a killer bee
  1438 | D        | Killed a killer bee
  1439 | D        | Killed a killer bee
  1440 | D        | Killed a killer bee
  1442 | D        | Killed a killer bee
  1444 | D        | Killed a killer bee
  1446 | D        | Killed a killer bee
  1449 | D        | Killed a killer bee
  1451 | D        | Killed a killer bee
  1453 | D        | Killed a killer bee
  1455 | D        | Killed a killer bee
  1457 | D        | Killed a killer bee
  1459 | D        | Killed a killer bee
  1459 | D        | Reached skill level 15 in Stealth
  1473 | D        | Killed a killer bee
  1617 | D        | Killed a killer bee
  1621 | D        | Killed a killer bee
  1630 | D        | Killed a killer bee
  1632 | D        | Killed a killer bee
  1635 | D        | Killed a queen bee
  1640 | D        | Killed a killer bee
  1764 | D        | Noticed a wandering mushroom
  1765 | D        | Noticed a wandering mushroom
  1765 | D        | Noticed a wandering mushroom
  1769 | D        | Killed a wandering mushroom
  1772 | D        | Killed a wandering mushroom
  1773 | D        | Killed a wandering mushroom
  1865 | D        | Noticed a spiny frog
  1865 | D        | Noticed a komodo dragon
  1865 | D        | Noticed a spiny frog
  1868 | D        | Killed a spiny frog
  1868 | D        | Reached skill level 5 in Conjurations
  1869 | D        | Killed a komodo dragon
  1871 | D        | Killed a spiny frog
  1877 | D        | Noticed a redback
  1879 | D        | Killed a redback
  1879 | D        | Reached skill level 5 in Air Magic
  1880 | D        | Noticed a brain worm
  1884 | D        | Killed a brain worm
  1890 | D        | Noticed a brain worm
  1892 | D        | Killed a brain worm
  1898 | D        | Noticed a lindwurm
  1900 | D        | Noticed a redback
  1901 | D        | Killed a lindwurm
  1901 | D        | Reached skill level 16 in Stealth
  1901 | D        | Reached skill level 5 in Poison Magic
  1903 | D        | Killed a redback
  1907 | D        | Noticed a redback
  1908 | D        | Killed a redback
  1909 | D        | Noticed Maud
  1912 | D        | Killed Maud
  1912 | D        | Reached skill level 15 in Dodging
  1912 | D        | Reached XP level 11. HP: 47/47 MP: 27/29
  1924 | D        | Noticed an eight-headed hydra
  1924 | D        | Noticed an eight-headed hydra
  1926 | D        | Killed an eight-headed hydra
  1926 | D        | Reached skill level 5 in Summonings
  1927 | D        | Killed an eight-headed hydra
  1927 | D        | Reached skill level 10 in Hexes
  1948 | D        | Noticed a death drake
  1953 | D        | Killed a death drake
  1963 | D        | Found a blossoming altar of Fedhas.
  1963 | D        | Noticed a spriggan
  1963 | D        | Noticed a spriggan druid
  1963 | D        | Noticed a spriggan
  1970 | D        | Killed a spriggan
  1972 | D        | Killed a spriggan druid
  1972 | D        | Reached skill level 17 in Stealth
  1974 | D        | Killed a spriggan
  1992 | D        | Noticed a blink frog
  1994 | D        | Killed a blink frog
  2141 | D        | Noticed a swamp dragon
  2143 | D        | Killed a swamp dragon
  2146 | D        | Noticed a swamp drake
  2148 | D        | Noticed a swamp dragon
  2149 | D        | Killed a swamp drake
  2151 | D        | Noticed a swamp drake
  2169 | D        | HP: 2/47 [poisoned by something (poison gas)]
  2171 | D        | Succumbed to something's poison gas

Vault maps used:
D:        dungeon_sprint_mu

Action                   |  1- 3 |  4- 6 |  7- 9 | 10-12 || total
-------------------------+-------+-------+-------+-------++-------
Melee: Dagger            |    14 |    30 |    54 |    66 ||   164
 Cast: Ensorcelled Hiber |     4 |     1 |    17 |    30 ||    52
       Dazzling Spray    |       |    11 |    16 |     8 ||    35
       Repel Missiles    |       |       |     1 |       ||     1
       Confuse           |       |       |       |     5 ||     5
Invok: Shadow Step       |       |       |       |     5 ||     5
Evoke: Wand              |     7 |       |       |       ||     7
  Use: Potion            |       |     5 |     3 |     3 ||    11
       Scroll            |       |     3 |       |     2 ||     5
 Stab: Sleeping          |     3 |     5 |    21 |    33 ||    62
       Invisible         |       |       |     1 |     2 ||     3
  Eat: Bread ration      |       |       |       |     1 ||     1
